 Dungeon Crawl Stone Soup version 0.21-a0-2-ge494091 (webtiles) character file.

512 DevlanMud the Ruffian (level 6, -1/55 HPs)
             Began as a Troll Hunter on May 21, 2017.
             Killed by divine providence
             ... invoked by an orc priest
              (12 damage)
             ... on level 3 of the Dungeon.
             The game lasted 00:04:44 (1631 turns).

DevlanMud the Ruffian (Troll Hunter)                Turns: 1631, Time: 00:04:45

Health: -1/55      AC:  6    Str: 19    XL:     6   Next: 99%
Magic:  14/14      EV: 10    Int:  7    God:
Gold:   101        SH:  0    Dex: 12    Spells: 5/5 levels left

rFire    . . .     SeeInvis .     - Unarmed
rCold    . . .     Gourm    +   (no shield)
rNeg     . . .     Faith    .   b - +1 robe
rPois    .         Spirit   .   (helmet restricted)
rElec    .         Reflect  .   (no cloak)
rCorr    .         Harm     .   (gloves unavailable)
MR       .....                  (boots unavailable)
Stlth    +.........             (no amulet)
Regen    0.6/turn               m - ring of magical power
MPRegen  0.2/turn               (no ring)

@: no status effects
A: unfitting armour, antennae 1, claws 3, fast metabolism 3, gourmand,
regeneration 1, shaggy fur 1, tough skin 2, weak 1
a: no special abilities


You were on level 3 of the Dungeon.
You were very full.

You visited 1 branch of the dungeon, and saw 3 of its levels.

You collected 101 gold pieces.

Inventory:

Missiles
 c - 5 large rocks
 d - 2 throwing nets (quivered)
Armour
 b - a +1 robe (worn)
Jewellery
 m - a ring of magical power (left claw)
Wands
 p - a wand of polymorph (11/24)
Scrolls
 e - 3 scrolls of identify
 k - 2 scrolls of enchant armour
 l - a scroll of magic mapping {unknown}
 n - a scroll of remove curse {unknown}
Potions
 a - a potion of ambrosia {unknown}
 h - 3 potions of curing
 i - a potion of lignification {unknown}
 j - a potion of brilliance {unknown}
Comestibles
 f - 6 bread rations
 g - 2 meat rations
 o - 8 chunks of flesh
 q - a royal jelly


   Skills:
 - Level 1.5 Fighting
 - Level 3.6 Throwing
 - Level 1.5 Dodging
 - Level 0.3 Stealth
 * Level 7.3 Unarmed Combat


You had 5 spell levels left.
You didn't know any spells.

Dungeon Overview and Level Annotations

Branches:
Dungeon (3/15)

Altars:


Innate Abilities, Weirdness & Mutations

You are too large for most types of armour.
You have claws for hands.
Your metabolism is lightning-fast.
You like to eat raw meat.
Your natural rate of healing is unusually fast.
You are covered in fur. (AC +1)
You have very tough skin. (AC +2)
You have a pair of small antennae on your head.
You are weak. (Str -2)


Message History

Deactivating autopickup; reactivate with Ctrl-A.
You claw the orc!
You kill the orc!
The orc priest invokes the aid of Beogh against you.
Beogh smites you!
* * * LOW HITPOINT WARNING * * *
A sky beast appears from thin air!
Reactivating autopickup.
You hear a shout!
You scratch the giant cockroach.
You kill the giant cockroach!
You scratch the sky beast but do no damage.
The sky beast hits you.
* * * LOW HITPOINT WARNING * * *
The sky beast shocks you.
* * * LOW HITPOINT WARNING * * *
You completely miss the sky beast.
The orc priest mumbles some strange prayers to Beogh against you.
Beogh smites you!
You die...

#
#.##.##################
#>..oY@................
####.#######.#.........
.. #.......#### #.
#.......# '. #.......#
.# #.......#
#.......####
#..........#
#..........#


You could see a sky beast and an orc priest.

Vanquished Creatures
  Sigmund (D:3)
  A gnoll sergeant (D:3)
  An orc wizard (D:3)
  3 orc priests (D:3)
  Jessica (D:3)
  Natasha (D:3)
  4 gnolls (D:3)
  An adder (D:3)
  An ooze (D:3)
  A worm (D:2)
  3 dart slugs (D:1)
  A leopard gecko (D:3)
  7 orcs (D:3)
  A ball python (D:2)
  4 bats
  3 giant cockroaches
  8 goblins
  3 hobgoblins
  3 jackals (D:3)
  5 kobolds
  5 quokkas
  4 frilled lizards
  3 rats
65 creatures vanquished.

Notes
Turn   | Place    | Note
-------+----------+-------------------------------------------
     0 | D:1      | DevlanMud the Troll Hunter began the quest for the Orb.
     0 | D:1      | Reached XP level 1. HP: 19/19 MP: 0/0
    29 | D:1      | Reached skill level 1 in Unarmed Combat
    74 | D:1      | Reached XP level 2. HP: 21/27 MP: 1/1
   242 | D:1      | Reached skill level 2 in Unarmed Combat
   622 | D:2      | Reached XP level 3. HP: 20/33 MP: 2/2
   900 | D:2      | Reached skill level 3 in Unarmed Combat
  1071 | D:2      | Gained mutation: You have a pair of small horns on your head. [potion of mutation]
  1071 | D:2      | Lost mutation: You have a pair of small horns on your head. [potion of mutation]
  1071 | D:2      | Gained mutation: You are weak. (Str -2) [potion of mutation]
  1071 | D:2      | Gained mutation: You have a pair of small antennae on your head. [potion of mutation]
  1095 | D:3      | Noticed Sigmund
  1110 | D:3      | Killed Sigmund
  1110 | D:3      | Reached skill level 5 in Unarmed Combat
  1110 | D:3      | Reached XP level 4. HP: 35/41 MP: 3/3
  1110 | D:3      | Reached XP level 5. HP: 42/48 MP: 4/4
  1142 | D:3      | Noticed Jessica
  1169 | D:3      | Reached XP level 6. HP: 40/55 MP: 5/5
  1172 | D:3      | Reached skill level 6 in Unarmed Combat
  1235 | D:3      | Killed Jessica
  1459 | D:3      | Noticed Natasha
  1465 | D:3      | Killed Natasha
  1465 | D:3      | Reached skill level 7 in Unarmed Combat
  1622 | D:3      | Noticed a sky beast
  1631 | D:3      | Killed from afar by an orc priest

Vault maps used:
D:1:      dpeg_arrival_stonehenge_12_columns
D:2:      first_bread
D:3:      uniq_natasha, uniq_jessica, uniq_sigmund

Skill      XL: |  1  2  3  4  5  6 |
---------------+-------------------+-----
Unarmed Combat | 1 2 5 7 |  7.3
Fighting       | |  1.5
Throwing       | |  3.6
Dodging        | |  1.5
Stealth        | |  0.3

Action                   |  1- 3 |  4- 6 || total
-------------------------+-------+-------++-------
Melee: Unarmed           |    95 |    89 ||   184
       Punch             |       |     1 ||     1
Throw: Throwing net      |     1 |       ||     1
  Use: Potion            |     3 |       ||     3
       Scroll            |     1 |     1 ||     2
 Stab: Held in net/web   |     2 |       ||     2
       Sleeping          |     1 |       ||     1
  Eat: Chunk             |    13 |     7 ||    20
Armor: Robe              |    34 |    31 ||    65
Dodge: Dodged            |    41 |    59 ||   100
